 Dungeon Crawl Stone Soup version 0.26-a0-1161-g0398aca569 (webtiles) character file.

Game seed: 4636904197085890872

521 Morbidden the Sneak (level 7, 42/58 HPs)
             Began as a Red Draconian Brigand on Dec 26, 2020.
             Was a Follower of Cheibriados.
             Quit the game on level 4 of the Dungeon.
             The game lasted 00:05:15 (2571 turns).

Morbidden the Sneak (Red Draconian Brigand)         Turns: 2571, Time: 00:05:16

Health: 42/58      AC:  8    Str: 16    XL:     7   Next: 1%
Magic:  10/10      EV: 13    Int: 15    God:    Cheibriados [*.....]
Gold:   169        SH:  0    Dex: 14    Spells: 10/10 levels left

rFire    + . .     SeeInvis .   a - +3 dagger
rCold    . . .     Faith    .   (no shield)
rNeg     . . .     Spirit   .   (armour unavailable)
rPois    .         Reflect  .   (helmet restricted)
rElec    .         Harm     .   b - +1 cloak
rCorr    .         Rampage  .   (no gloves)
Will     .....                  (no boots)
Stlth    +++.......             r - amulet of regeneration
HPRegen  0.59/turn              (no ring)
MPRegen  0.12/turn              (no ring)

@: mildly poisoned (42 -> 42), very slow
A: breathe fire, unfitting armour, fire resistance 1, cold-blooded, AC +6
a: Breathe Fire, Renounce Religion, Bend Time


You were on level 4 of the Dungeon.
You worshipped Cheibriados.
Cheibriados was aware of your devotion.
You visited 1 branch of the dungeon, and saw 4 of its levels.

You collected 169 gold pieces.

Inventory:

Hand Weapons
 a - a +3 dagger (weapon)
Missiles
 c - 8 poisoned darts (quivered)
 d - 2 curare-tipped darts
 p - 5 atropa-tipped darts
Armour
 b - a +1 cloak (worn)
Magical Staves
 q - an uncursed staff of fire {unknown}
Jewellery
 f - an uncursed ring of positive energy {unknown}
 i - an uncursed amulet of magic regeneration
 r - an amulet of regeneration (around neck)
 t - an uncursed ring of flight
Wands
 n - a wand of digging (5)
Scrolls
 e - 2 scrolls of noise
 h - a scroll of fog
 k - 4 scrolls of identify
 u - a scroll of teleportation
Potions
 g - a potion of heal wounds {unknown}
 j - 2 potions of degeneration {unknown}
 l - 2 potions of cancellation {unknown}
 m - 3 potions of curing {unknown}
 o - 2 potions of flight {unknown}
 s - a potion of lignification {unknown}


   Skills:
 * Level 3.8 Fighting
 + Level 3.6 Short Blades
 + Level 2.1 Throwing
 + Level 2.4 Dodging
 + Level 5.2 Stealth
 * Level 2.2 Spellcasting
 * Level 2.0 Invocations


You had 10 spell levels left.
You didn't know any spells.
Your spell library was empty.

Dungeon Overview and Level Annotations

Branches:
Dungeon (4/15)
 Temple: D:4-7

Altars:
Cheibriados


Innate Abilities, Weirdness & Mutations

You can breathe blasts of fire.
Your fiery red scales are hard. (AC +6)
You cannot fit into any form of body armour.
Your flesh is heat resistant. (rF+)
You are cold-blooded and may be slowed by cold attacks.


Message History

The gnoll is heavily wounded.
You feel sick. The gnoll closely misses you.
The adder bites you but does no damage.
You barely miss the gnoll.
Your tail-slap misses the gnoll.
The gnoll is heavily wounded.
The gnoll closely misses you. The adder bites you.
You hit the gnoll.
The gnoll is severely wounded.
The adder bites you but does no damage.
You hit the gnoll. You tail-slap the gnoll.
You kill the gnoll!
Cheibriados appreciates the change of pace.
A gnoll comes into view. It is wielding a +0 whip.
The adder closely misses you.
You have reached level 7!
Your scales start taking on a fiery red colour.
You learn Fire Magic much quicker.
You learn Ice Magic much slower.
You can breathe blasts of fire.
You feel resistant to heat.
Are you sure you want to abandon this character and quit the game? (Confirm with "yes".)

# #####g###### ###
#?....g@SS.###.##
#.###.###...#...#######
#### # #..............
...## #...#...#####..
#.#.## ######.## #.##.#
#S #.# ..##.#####. ###
#.# .###.##.... ..#
##'## .##.###.##.##.#
##...##


You could see 2 gnolls and 2 adders.

Vanquished Creatures
  An ogre (D:4)
  A phantom (D:4)
  A bullfrog (D:3)
  A howler monkey (D:4)
  2 bullfrog skeletons
  An iguana (D:4)
  3 worker ants (D:4)
  2 gnolls (D:4)
  A howler monkey skeleton (D:4)
  2 adders (D:3)
  An ooze (D:3)
  A worm (D:2)
  2 dart slugs
  A leopard gecko (D:3)
  3 orcs (D:3)
  2 giant cockroaches (D:4)
  3 goblins
  4 hobgoblins
  A jackal (D:4)
  A ball python (D:3)
  10 bats
  5 frilled lizards
  A kobold (D:1)
  7 rats
57 creatures vanquished.

Vanquished Creatures (others)
  2 plants (D:1)
2 creatures vanquished.

Grand Total: 59 creatures vanquished

Notes
Turn   | Place    | Note
-------+----------+-------------------------------------------
     0 | D:1      | Morbidden the Draconian Brigand began the quest for the
                  | Orb.
     0 | D:1      | Reached XP level 1. HP: 17/17 MP: 1/1
    74 | D:1      | Reached skill level 1 in Dodging
   175 | D:1      | You fall into a shaft and drop 1 floor!
   257 | D:2      | Reached XP level 2. HP: 23/24 MP: 2/2
   590 | D:2      | Reached skill level 4 in Stealth
  1450 | D:3      | Noticed a bullfrog
  1456 | D:3      | Reached XP level 3. HP: 30/30 MP: 3/3
  1726 | D:3      | Killed a bullfrog
  1727 | D:3      | Reached skill level 1 in Spellcasting
  1727 | D:3      | Reached XP level 4. HP: 25/37 MP: 3/5
  1954 | D:3      | Reached XP level 5. HP: 38/45 MP: 6/6
  1975 | D:3      | Found a snail-covered altar of Cheibriados.
  1983 | D:3      | Became a worshipper of Cheibriados the Contemplative
  2206 | D:4      | Reached skill level 1 in Invocations
  2225 | D:4      | Noticed an ogre
  2227 | D:4      | Killed an ogre
  2228 | D:4      | Reached skill level 5 in Stealth
  2228 | D:4      | Reached XP level 6. HP: 51/51 MP: 8/8
  2438 | D:4      | Reached * piety under Cheibriados
  2571 | D:4      | Your scales start taking on a fiery red colour.
  2571 | D:4      | Reached XP level 7. HP: 42/58 MP: 10/10
  2571 | D:4      | Gained mutation: Your flesh is heat resistant. (rF+) [Red
                  | Draconian growth]
  2571 | D:4      | Quit the game

Illustrated notes

Levels and vault maps discovered:
D:1:      psy_arrival_whirlpool, layout_loops_cross, serial_forest,
          infiniplex_forest_lined_room_2, infiniplex_forest_clump_long,
          infiniplex_forest_lined_2, infiniplex_forest_clump_C,
          infiniplex_forest_end_double, infiniplex_forest_lined_2,
          infiniplex_forest_clump_medium, palyth_stone_intersect,
          supply_closet_lemuel
D:2:      layout_basic, minmay_indecisive_spiral
D:3:      lemuel_upstairs_altar, layout_loops_ring,
          lemuel_coloured_pillars_altar, kennysheep_generic_room_9
D:4:      layout_loops_corners, gup_sewer_entry_glass, hangedman_decor_riveting,
          minmay_joined_circles

Skill      XL: |  1  2  3  4  5  6 |
---------------+-------------------+-----
Dodging        | 1 2 |  2.4
Stealth        | 4 5 |  5.2
Throwing       | 2 |  2.1
Spellcasting   | 1 2 |  2.2
Fighting       | 3 |  3.8
Short Blades   | 3 |  3.6
Invocations    | 1 2 |  2.0

Action                   |  1- 3 |  4- 6 |  7- 9 || total
-------------------------+-------+-------+-------++-------
Melee: Dagger            |   103 |   149 |       ||   252
       Tailslap          |     9 |    21 |       ||    30
Throw: Dart              |     6 |       |       ||     6
  Use: Scroll            |     1 |    11 |       ||    12
 Stab: Sleeping          |     8 |     5 |       ||    13
Armor: Skin              |    44 |    48 |       ||    92
Dodge: Dodged            |    70 |    96 |       ||   166

Table legend: (Time is in decaauts)
 A = Elapsed time spent in this place.
 B = Non-inter-level travel time spent in this place.
 C = Inter-level travel time spent in this place.
 D = Time resting spent in this place.
 E = Time spent auto-exploring this place.
 F = Levels seen in this place.
 G = Mean time per level.
                   A        B        C        D        E       F      G
               +--------+--------+--------+--------+--------+-----+--------+
         Total |   2670 |   2580 |     90 |      0 |   1718 |   4 |  667.5 |
       Dungeon |   2670 |   2580 |     90 |      0 |   1718 |   4 |  667.5 |
               +--------+--------+--------+--------+--------+-----+--------+

Top non-repeatable levels by time:
     D:2: 1138 daAuts
     D:3: 824 daAuts
     D:4: 534 daAuts
     D:1: 174 daAuts
